 Dungeon Crawl Stone Soup version 0.29.0-15-g675c0067aa (webtiles) character file.

Game seed: 10713215861847027338

172 qw the Shield-Bearer (level 5, -3/32 HPs)
             Began as a Gargoyle Fighter on Sept 12, 2022.
             Slain by an orc warrior
             ... wielding a +0 battleaxe
              (6 damage)
             ... on level 3 of the Dungeon.
             The game lasted 00:00:55 (2617 turns).

qw the Shield-Bearer (Gargoyle Fighter)             Turns: 2617, Time: 00:00:56

Health: -3/32      AC: 13    Str: 21    XL:     5   Next: 53%
Magic:  5/5        EV:  8    Int:  9    God:
Gold:   119        SH: 12    Dex:  9    Spells: 4/4 levels left

rFire   . . .      SeeInvis .   Y - +0 war axe
rCold   . . .      Faith    .   e - +4 kite shield of the Trees {+Inv}
rNeg    + . .      Spirit   .   b - +0 scale mail
rPois   inf        Reflect  .   f - +0 helmet
rElec   +          Harm     .   (no cloak)
rCorr   .          Rampage  .   (no gloves)
Will    .....                   j - +0 pair of boots
Stlth   ..........              (no amulet)
HPRegen 0.10/turn               (no ring)
MPRegen 0.09/turn               (no ring)

@: no status effects
A: sickness immunity, AC +4, negative energy resistance 1, electricity
resistance, torment resistance 1, petrification resistance
a: Evoke Invisibility


You were on level 3 of the Dungeon.
You visited 1 branch of the dungeon, and saw 3 of its levels.

You collected 119 gold pieces.


Innate Abilities, Weirdness & Mutations

You are immune to sickness and miasma.
Your stone body is resilient. (AC +4)
You are immune to poison.
You resist negative energy. (rN+)
You are resistant to electric shocks. (rElec)
You are resistant to unholy torment.
You are immune to petrification.


   Skills:
 - Level 3.2 Fighting
 - Level 4.3 Axes
 - Level 3.2 Armour
 + Level 4.4 Shields


You had 4 spell levels left.
You didn't know any spells.
Your spell library was empty.

Inventory:

Hand Weapons
 k - a +0 flail
 Y - a +0 war axe (weapon)
Armour
 b - a +0 scale mail (worn)
 c - a +0 chain mail
 e - the +4 kite shield of the Trees (worn) {+Inv}
   (You acquired it on level 2 of the Dungeon)

   +Inv:      It lets you turn invisible.
 f - a +0 helmet (worn)
 j - a +0 pair of boots (worn)
 l - a +0 cloak
Jewellery
 m - an amulet of the acrobat
Scrolls
 g - a scroll of teleportation {unknown}
Potions
 a - a potion of heal wounds {unknown}
 d - a potion of might
 h - a potion of curing {unknown}
 i - a potion of brilliance {unknown}

Dungeon Overview and Level Annotations

Branches:
Dungeon (3/15)

Altars:

Shops:
D:2 (


Message History

An orc wizard comes into view. It is wielding a +0 dagger.
The orc warrior unwields a +0 battleaxe.
The orc warrior wields a +0 arbalest.
The orc warrior shoots a bolt.
You block the bolt.
You hear a shout!
Enter note:
2610 ||| Stepping ~*~*~tactically~*~*~ (hiding).
You hear a shout! x2
You start waiting.
An orc warrior is nearby! 2 orc wizards come into view.
The orc wizard shouts!
The orc warrior shoots a bolt.
You block the bolt.
A goblin comes into view. It is wielding a +0 club.
The goblin shouts!
You barely miss the orc warrior. The orc wizard casts a spell at you.
You resist with some effort.
The orc warrior unwields a +0 arbalest.
The orc warrior wields a +0 battleaxe.
The orc warrior hits you with a +0 battleaxe!
The orc wizard casts a spell.
The orc wizard flickers and vanishes!
Deactivating autopickup; reactivate with Ctrl-A.
You block the orc warrior's attack.
You closely miss the orc warrior. You closely miss the orc wizard.
The orc wizard points at you and mumbles some strange words.
The magic dart hits you.
The orc warrior hits you with a +0 battleaxe!
Ouch! That really hurt!
You hit the orc warrior but do no damage.
You barely miss the orc wizard. You block the orc wizard's attack.
You block the orc warrior's attack.
The orc wizard hits you but does no damage.
You slash the orc warrior!
The orc warrior is moderately wounded.
You closely miss the orc wizard. The orc warrior closely misses you.
The orc wizard hits you but does no damage.
The orc warrior hits you with a +0 battleaxe.
You die...

#....####'#########.)
#....# #.# #).
##....####.# #.)
#.....'....# #.)
#.....###### ##.
#.....# ## #.....#
#.....# #....@#
#.^..oo{o....
#######go.... ......
..... #...# .... ...


You could see an orc warrior, 2 orc wizards, an orc and a goblin.

Vanquished Creatures
  2 orc priests (D:3)
  An adder (D:2)
  4 gnolls (D:2)
  2 worms
  2 dart slugs
  4 orcs (D:3)
  5 ball pythons
  6 bats
  6 endoplasms
  3 giant cockroaches
  6 goblins
  2 hobgoblins
  4 kobolds
  A quokka (D:2)
  2 frilled lizards (D:1)
  4 rats
54 creatures vanquished.

Notes
Turn   | Place    | Note
-------+----------+-------------------------------------------
     0 | D:1      | qw the Gargoyle Fighter began the quest for the Orb.
     0 | D:1      | Reached XP level 1. HP: 14/14 MP: 1/1
     0 | D:1      | 0 ||| qw: Version: 0.1-a-119-g272c26d
     0 | D:1      | 0 ||| qw: Game counter: 10802
     0 | D:1      | 0 ||| qw: Always use a shield: true
     0 | D:1      | 0 ||| qw: God list: Okawaru
     0 | D:1      | 0 ||| qw: Allow faded altars: false
     0 | D:1      | 0 ||| qw: Do Orc after D:15 true
     0 | D:1      | 0 ||| qw: Do second Lair branch before Depths: true
     0 | D:1      | 0 ||| qw: Lair rune preference: random
     0 | D:1      | 0 ||| qw: Plans: Normal, Zot, God:TSO, Crypt, Tomb, Pan,
                  | Slime, Hells, Zig, Abyss, Orb
     0 | D:1      | 0 ||| PLANNING D:1-11
   135 | D:1      | Reached XP level 2. HP: 17/19 MP: 2/2
   398 | D:1      | Reached skill level 3 in Axes
   479 | D:1      | 479 ||| Stepping ~*~*~tactically~*~*~ (stealth).
   487 | D:1      | Reached XP level 3. HP: 23/23 MP: 3/3
   808 | D:1      | Found a faded altar of an unknown god.
   978 | D:1      | 978 ||| READING scroll labelled EGOGEF AJEAFE.
   979 | D:1      | 979 ||| READING scroll labelled JOAXEA NAIMI.
   980 | D:1      | 980 ||| READING scroll labelled WALEZO TIKUARCH.
  1021 | D:2      | Found Enanargh's Weapon Emporium.
  1054 | D:2      | 1054 ||| DROPPING +0 whip.
  1055 | D:2      | 1055 ||| DROPPING +0 club.
  1227 | D:2      | 1227 ||| Stepping ~*~*~tactically~*~*~ (stealth).
  1228 | D:2      | 1228 ||| Stepping ~*~*~tactically~*~*~ (stealth).
  1233 | D:2      | Reached XP level 4. HP: 25/28 MP: 4/4
  1418 | D:2      | 1418 ||| Stepping ~*~*~tactically~*~*~ (hiding).
  1872 | D:2      | 1872 ||| FLEEEEING.
  1873 | D:2      | 1873 ||| FLEEEEING.
  1874 | D:2      | 1874 ||| FLEEEEING.
  1875 | D:2      | 1875 ||| FLEEEEING.
  1876 | D:2      | 1876 ||| FLEEEEING.
  2078 | D:2      | 2078 ||| DROPPING +1 whip of electrocution.
  2151 | D:2      | 2151 ||| UPGRADING to +0 helmet.
  2156 | D:2      | 2156 ||| UPGRADING to +0 pair of boots.
  2161 | D:2      | 2161 ||| READING scroll labelled IDGHOU ZA GATUF.
  2161 | D:2      | Identified a scroll of acquirement
  2161 | D:2      | 2161 ||| ACQUIRING +4 kite shield of the Trees {+Inv}
  2161 | D:2      | Acquired the +4 kite shield of the Trees {+Inv}
  2163 | D:2      | 2163 ||| UPGRADING to +4 kite shield of the Trees {+Inv}.
  2173 | D:2      | 2173 ||| DROPPING +0 buckler.
  2222 | D:3      | 2222 ||| STAIRDANCE
  2313 | D:3      | 2313 ||| FLEEEEING.
  2314 | D:3      | 2314 ||| FLEEEEING.
  2318 | D:3      | 2318 ||| STAIRDANCE
  2358 | D:3      | 2358 ||| Stepping ~*~*~tactically~*~*~ (hiding).
  2361 | D:3      | 2361 ||| Stepping ~*~*~tactically~*~*~ (hiding).
  2369 | D:3      | Reached XP level 5. HP: 28/32 MP: 5/5
  2458 | D:3      | 2458 ||| Stepping ~*~*~tactically~*~*~ (stealth).
  2609 | D:3      | Noticed an orc warrior
  2610 | D:3      | 2610 ||| Stepping ~*~*~tactically~*~*~ (hiding).
  2615 | D:3      | HP: 3/32 [orc warrior/+0 battleaxe (16)]
  2617 | D:3      | Slain by an orc warrior

Levels and vault maps discovered:
D:1:      beargit_arrival_greenhouse, layout_basic,
          shapermc_ecumenical_altar_notcrosses
D:2:      layout_loops_ring, serial_shops, shop
D:3:      layout_basic

Skill      XL: |  1  2  3  4 |
---------------+-------------+-----
Axes           | 2 3 4 |  4.3
Shields        | 4 |  4.4
Fighting       | |  3.2
Armour         | |  3.2

Action                   |  1- 3 |  4- 6 || total
-------------------------+-------+-------++-------
Melee: War axe           |    74 |    81 ||   155
  Use: Scroll            |     3 |     1 ||     4
Armor: Scale mail        |    29 |    27 ||    56
Dodge: Dodged            |    31 |    30 ||    61
Block: Buckler           |    14 |     5 ||    19
       Kite shield       |       |    23 ||    23

Table legend:
 A = Non-vault XP
 B = Vault XP
 C = Vault XP percentage of total XP
 D = Non-vault monster count
 E = Vault monster count
 F = Vault count percentage of total count
                 A         B        C        D         E       F
            +---------+---------+-------+---------+---------+-------
      Total |     247 |       0 |   0.0 |      54 |       0 |   0.0
            +---------+---------+-------+---------+---------+-------
        D:1 |      40 |       0 |   0.0 |      22 |       0 |   0.0
        D:2 |     106 |       0 |   0.0 |      23 |       0 |   0.0
        D:3 |     101 |       0 |   0.0 |       9 |       0 |   0.0
            +---------+---------+-------+---------+---------+-------
